Map: Bel'Shir Vestige LE (Void)

Players

TheLoneYeti

  • Race: Zerg Zerg
  • League: Silver
  • Spawn Location: 11:00

Fropez - Winner!

  • Race: Protoss Protoss
  • League: Platinum
  • Spawn Location: 5:00

VOD

Have the link to the VOD?

Description

Time

  • Played on: Jan. 30, 2017, 6:30 p.m.
  • Length: 13:05
Show
View Real Time Build Order
Export as new Build Order

TheLoneYeti Zerg 

Build Orders: Hatch First 

Get SALT Encoding   

  12  0:02  Drone  
  13  0:12  Overlord  
  13  0:17  Drone  
  14  0:31  Drone x2  
  16  0:37  Drone  
  17  0:48  Drone  
  18  0:57  Hatchery  
  18  0:59  Drone  
  18  1:04  Extractor  
  17  1:07  Drone  
  18  1:19  Spawning Pool  
  18  1:21  Drone  
  18  1:29  Drone  
  20  1:40  Drone  
  20  1:50  Overlord  
  20  2:05  Queen  
  22  2:09  Queen  
  22  2:10  Drone x2  
  22  2:14  Drone  
  27  2:29  Zergling x4  
  29  2:37  Zergling x2  
  29  2:38  Drone  
  31  2:48  Drone  
  31  2:49  Drone  
  33  2:53  Metabolic Boost  
  33  2:55  Overlord  
  33  2:56  Drone  
  34  3:00  Evolution Chamber  
  33  3:05  Evolution Chamber  
  33  3:06  Baneling Nest  
  33  3:07  Lair  
  33  3:08  Drone  
  33  3:09  Drone  
  33  3:19  Drone x2  
  35  3:22  Drone x2  
  35  3:23  Drone x2  
  39  3:30  Extractor, Drone x2  
  40  3:36  Zergling x4  
  42  3:42  Overlord  
  36  4:07  Drone  
  36  4:08  Drone x5  
  42  4:11  Zerg Melee Weapons Level 1  
  42  4:17  Zergling x2  
  42  4:19  Drone  
  44  4:37  Zergling x6, Drone x2  
  49  4:39  Centrifical Hooks  
  49  4:47  Extractor  
  49  4:48  Overlord x3  
  48  4:55  Extractor  
  47  5:06  Hatchery, Drone x2, Zerg Ground Armor Level 1  
  49  5:07  Drone x3  
  49  5:13  Zergling x2  
  49  5:14  Zergling x4  
  54  5:21  Drone x4  
  56  5:26  Drone x2  
  60  5:33  Queen  
  60  5:35  Burrow  
  62  5:36  Zergling x4  
  64  5:59  Baneling x3  
  64  6:00  Baneling x5  
  64  6:01  Baneling x5  
  64  6:02  Baneling x2  
  63  6:09  Zergling x12  
  63  6:10  Zergling x2  
  55  6:21  Zergling x6  
  55  6:22  Zergling x2  
  40  6:35  Zergling x6  
  34  7:00  Drone x6  
  40  7:02  Zerg Ground Armor Level 2  
  40  7:07  Zerg Melee Weapons Level 2  
  41  7:22  Drone  
  41  7:23  Drone x5  
  41  7:28  Drone x2  
  48  7:40  Queen  
  51  7:44  Drone x4  
  51  7:45  Drone  
  51  7:48  Overlord  
  55  7:58  Drone x2  
  55  7:59  Drone x4  
  55  8:00  Drone  
  62  8:10  Drone x2  
  62  8:11  Drone x4  
  67  8:22  Zergling x6  
  70  8:36  Zergling x4  
  70  8:37  Zergling x2  
  73  8:59  Drone x4  
  73  9:00  Drone x2  
  73  9:01  Overlord x4, Drone x2  
  81  9:06  Infestation Pit  
  80  9:14  Hatchery  
  75  9:27  Zergling x8  
  77  9:33  Zerg Missile Weapons Level 1  
  77  9:35  Zergling x6  
  80  9:40  Hydralisk Den  
  80  9:43  Drone  
  80  9:46  Extractor  
  80  9:50  Extractor  
  78  9:55  Zergling x6  
  78  9:56  Zergling x10  
  86  10:09  Infestor, Zergling x4  
  86  10:10  Infestor x2  
  86  10:11  Zergling x6  
  86  10:13  Hatchery  
  96  10:16  Queen  
  96  10:21  Drone x4  
  100  10:25  Drone  
  100  10:26  Drone x2  
  105  10:37  Hydralisk x3  
  111  10:45  Hydralisk x4  
  111  10:47  Zergling x2, Overlord x2  
  120  11:13  Drone x2  
  120  11:14  Hydralisk x2, Zergling x4  
  120  11:15  Hydralisk x3  
  67  11:55  Zergling x6  
  67  11:56  Zergling x10  
  67  11:57  Zergling x10  
  64  12:09  Zergling x6  
  45  12:26  Zergling x4  
  45  12:27  Zergling x4  
  45  12:29  Zergling x4  
  38  12:31  Zergling x6  
Show
View Real Time Build Order
Export as new Build Order

Fropez Protoss - Winner!

Build Orders:  

Get SALT Encoding   

  12  0:01  Probe (Chrono Boost)  
  13  0:12  Probe (Chrono Boost)  
  14  0:20  Pylon  
  14  0:28  Probe (Chrono Boost)  
  15  0:39  Probe (Chrono Boost), Gateway  
  15  0:41  Assimilator  
  16  0:49  Probe (Chrono Boost)  
  17  1:05  Probe (Chrono Boost), Gateway  
  19  1:18  Probe (Chrono Boost)  
  19  1:21  Assimilator  
  19  1:30  Cybernetics Core  
  19  1:36  Probe (Chrono Boost)  
  20  1:46  Probe (Chrono Boost)  
  21  1:56  Warp Gate  
  21  1:57  Probe (Chrono Boost)  
  22  2:14  Pylon  
  22  2:32  Adept x2  
  22  2:36  Mothership Core (Chrono Boost)  
  28  2:46  Gateway  
  28  2:48  Twilight Council  
  28  2:53  Pylon  
  28  2:55  Probe (Chrono Boost)  
  29  3:02  Nexus  
  29  3:04  Pylon  
  29  3:08  Probe (Chrono Boost)  
  30  3:19  Resonating Glaives  
  31  3:20  Gateway  
  31  3:28  Pylon  
  30  3:36  Probe (Chrono Boost)  
  28  4:04  Probe (Chrono Boost)  
  28  4:16  Probe (Chrono Boost)  
  29  4:17  Gateway  
  29  4:18  Gateway  
  29  4:23  Pylon, Stalker  
  31  4:24  Adept  
  31  4:25  Assimilator  
  31  4:26  Adept  
  35  4:32  Adept  
  35  4:37  Probe (Chrono Boost)  
  35  4:38  Probe (Chrono Boost)  
  39  4:50  Probe (Chrono Boost)  
  39  4:51  Probe (Chrono Boost)  
  41  4:53  Adept x2  
  45  5:01  Probe (Chrono Boost)  
  46  5:12  Robotics Facility  
  46  5:13  Pylon, Blink  
  46  5:18  Probe (Chrono Boost)  
  46  5:19  Pylon  
  46  5:20  Probe (Chrono Boost)  
  48  5:29  Probe (Chrono Boost)  
  48  5:32  Probe (Chrono Boost)  
  50  5:39  Probe (Chrono Boost)  
  52  5:44  Probe (Chrono Boost)  
  52  5:47  Adept x3  
  59  5:50  Probe (Chrono Boost)  
  59  5:53  Adept  
  61  6:18  Adept x4  
  61  6:19  Adept x2  
  51  6:34  Probe (Chrono Boost)  
  51  6:35  Probe (Chrono Boost)  
  51  6:36  Immortal  
  51  6:42  Pylon  
  51  6:44  Adept x3  
  51  6:46  Adept  
  61  6:47  Pylon  
  61  6:49  Probe (Chrono Boost)  
  61  6:51  Probe (Chrono Boost)  
  61  6:58  Assimilator  
  62  7:01  Probe (Chrono Boost)  
  62  7:04  Pylon  
  62  7:06  Pylon  
  62  7:10  Warp Prism  
  64  7:21  Adept x2  
  64  7:22  Adept  
  70  7:26  Pylon, Sentry x3  
  76  7:36  Probe x2 (Chrono Boost)  
  78  7:44  Nexus  
  78  7:48  Pylon  
  78  7:58  Adept x4  
  85  8:00  Observer  
  86  8:11  Probe x2 (Chrono Boost)  
  88  8:16  Gateway  
  87  8:30  Adept x3  
  95  8:41  Probe x2 (Chrono Boost)  
  95  8:53  Adept x3, Nexus  
  95  8:54  Adept  
  95  8:55  Adept, Pylon  
  105  9:00  Adept  
  107  9:22  Probe x2 (Chrono Boost)  
  97  9:38  Adept x4  
  99  9:39  Adept x2, Gateway  
  99  9:44  Probe (Chrono Boost)  
  99  9:45  Observer, Probe (Chrono Boost)  
  112  9:56  Probe (Chrono Boost)  
  112  9:57  Probe (Chrono Boost)  
  114  10:02  Forge  
  114  10:03  Forge  
  114  10:10  Pylon  
  114  10:22  Assimilator  
  114  10:23  Immortal  
  114  10:24  Assimilator  
  114  10:25  Pylon, Sentry x4  
  114  10:26  Sentry x3  
  132  10:43  Photon Cannon  
  132  10:44  Protoss Ground Armor Level 1  
  132  10:48  Photon Cannon  
  132  10:50  Protoss Ground Weapons Level 1  
  132  10:51  Photon Cannon  
  132  10:53  Photon Cannon  
  132  10:56  Pylon  
  132  10:59  Photon Cannon  
  132  11:01  Charge  
  122  11:51  Immortal  
  122  11:53  Adept x5  
  122  11:54  Adept x3  
  122  12:08  Probe (Chrono Boost)  
  125  12:09  Probe x2 (Chrono Boost)  
  121  12:24  Adept x2  
  121  12:25  Adept x6  
  137  12:34  Gateway  
  137  12:36  Gateway  
  135  13:03  Adept x3  
Tags
 
Add a new tag
Caveats
  • Supply blocks, unpowered buildings, or Contaminate may cause inaccurate times.
  • Supply counts are checked every 10 seconds.